 Dungeon Crawl Stone Soup version 0.30-a0-269-gf0224bf7b6 (webtiles) character file.

Game seed: 12676175353057165952

245 NinjaNoafa the Chiller (level 5, -2/38 HPs)
             Began as a Draconian Ice Elementalist on Oct 14, 2022.
             Slain by an ogre
             ... wielding a +0 giant spiked club
              (11 damage)
             ... on level 4 of the Dungeon.
             The game lasted 00:10:22 (3558 turns).

NinjaNoafa the Chiller (Draconian Ice Elementalist) Turns: 3558, Time: 00:10:22

Health: -2/38      AC:  5    Str: 11    XL:     5   Next: 83%
Magic:  0/8        EV: 12    Int: 17    God:
Gold:   172        SH:  0    Dex: 11    Spells: 1/8 levels left

rFire   . . .      SeeInvis .    s - +1 whip (flame)
rCold   . . .      Faith    .    (no shield)
rNeg    . . .      Spirit   +    (body armour unavailable)
rPois   .          Reflect  .    (helmet restricted)
rElec   .          Harm     .    (no cloak)
rCorr   .          Rampage  .    (no gloves)
Will    .....                    (no boots)
Stlth   ++........               q - amulet of guardian spirit
HPRegen 0.26/turn                (no ring)
MPRegen 0.11/turn                (no ring)

@: freezing walls
A: AC +5, unfitting armour, cold-blooded
a: no special abilities


You were on level 4 of the Dungeon.
You visited 1 branch of the dungeon, and saw 4 of its levels.

You collected 172 gold pieces.

Inventory:

Hand Weapons
 s - a +1 whip of flaming (weapon)
Missiles
 c - 14 poisoned darts
 d - 12 stones
 m - 5 boomerangs
Jewellery
 q - an amulet of guardian spirit (around neck)
Scrolls
 e - a scroll of poison {unknown}
 g - 3 scrolls of identify {unknown}
 h - 2 scrolls of noise {unknown}
 i - 2 scrolls of enchant weapon {unknown}
 k - a scroll of summoning {unknown}
 n - 2 scrolls of teleportation {unknown}
 o - a scroll of vulnerability {unknown}
Potions
 b - 2 potions of degeneration {unknown}
 f - a potion of might {unknown}
 j - 2 potions of haste {unknown}
 l - 2 potions of curing {unknown}
 p - a potion of brilliance {unknown}
 r - a potion of mutation {unknown}


   Skills:
 + Level 1.7 Dodging
 - Level 1.7 Stealth
 + Level 2.4 Spellcasting
 - Level 7.0 Ice Magic


You had one spell level left.
You knew the following spells:

 Your Spells              Type           Power      Damage    Failure   Level
a - Freeze                Ice            100%       1d10      1%          1
b - Frozen Ramparts       Ice            50%        1d8       3%          3
c - Ozocubu's Armour      Ice            25%        N/A       3%          3

Your spell library contained the following spells:

 Spells                   Type           Power      Damage    Failure   Level
 Static Discharge         Conj/Air       4%         2-3/arc   28%         2
 Summon Ice Beast         Ice/Summ       14%        N/A       41%         4
 Inner Flame              Hex/Fire       2%         N/A       50%         3
 Vhi's Electric Charge    Tloc/Air       4%         N/A       50%         3
 Flame Wave               Conj/Fire      2%         2d4       88%         4
 Sticky Flame             Conj/Fire      2%         2d3       88%         4
 Arcjolt                  Conj/Air       1%         1d11      99%         5
 Lightning Bolt           Conj/Air       1%         1d12      99%         5


Dungeon Overview and Level Annotations

Branches:
Dungeon (4/15)
 Temple: D:4-7

Altars:

Shops:
D:4 !


Innate Abilities, Weirdness & Mutations

Your plain brown scales are hard. (AC +5)
You cannot fit into any form of body armour.
You are cold-blooded and may be slowed by cold attacks.


Message History

You kill Pargi!
Training target 7.0 for Ice Magic reached!
Your Ice Magic skill increases to level 7!
You need to enable at least one skill for training.
This spell is dangerous to cast!
Memorise Frozen Ramparts, consuming 3 spell levels and leaving 4?
You start memorising the spell.
You continue memorising. x3
You finish memorising.
Spell assigned to 'b'.
This spell is dangerous to cast!
Memorise Ozocubu's Armour, consuming 3 spell levels and leaving 1?
You start memorising the spell.
You continue memorising. x3
You finish memorising.
Spell assigned to 'c'.
Okay, then.
Okay, then.
An ogre comes into view. It is wielding a +0 giant spiked club.
An ogre is nearby!
Found an escape hatch in the floor.
Found a stone staircase leading up.
The ogre shouts!
You freeze the ogre.
The ogre is lightly wounded.
The ogre misses you.
You freeze the ogre!
The ogre is heavily wounded.
The ogre hits you with a +0 giant spiked club!
* * * LOW HITPOINT WARNING * * *
Casting: Freeze (safe; 1% risk of failure)
Confirm with . or Enter, or press ? or * to list all spells.
You don't have enough magic to cast this spell.
Aiming: Freeze (safe; 1% risk of failure)
Press: ? - help, Q - select action, (/) - cycle Shift-Dir - straight line, f - you, p - ogre
Okay, then.
Magic courses through your body.
Casting: Freeze (safe; 1% risk of failure)
Confirm with . or Enter, or press ? or * to list all spells.
Casting: Frozen Ramparts (dangerous; 3% risk of failure)
Press: ? - help, Dir - look around, f - activate The walls around you are covered in ice.
The wall freezes the ogre!
The ogre hits you with a +0 giant spiked club!
You die...

...##..######.#...#
>.#####.#..⌠.⌠.#.).)†..#
<...$.......∩......<...#
...........⌠.⌠########.....
#............## ......
....[$........## ......
...............## ....$.
#......O......## .....
##....##@........ ...
##...##.........
.......##.......... ......#
.....#..... .....#
......#..... ..... #......#
... .... .......# . ....
......... ...


You could see an ogre.

Vanquished Creatures
  Pargi (D:4)
  A gnoll (D:1)
  4 adders
  A worm (D:2)
  3 dart slugs
  11 orcs
  8 ball pythons
  8 endoplasms
  5 giant cockroaches
  6 goblins
  7 hobgoblins
  3 jackals (D:1)
  3 quokkas
  8 bats
  6 frilled lizards
  7 kobolds
  5 rats
87 creatures vanquished.

Notes
Turn   | Place    | Note
-------+----------+-------------------------------------------
     0 | D:1      | NinjaNoafa the Draconian Ice Elementalist began the quest
                  | for the Orb.
     0 | D:1      | Reached XP level 1. HP: 14/14 MP: 3/3
     2 | D:1      | Noticed a vampire
     2 | D:1      | Noticed a ghoul
     4 | D:1      | Noticed a merfolk
     4 | D:1      | Noticed a minotaur
     6 | D:1      | Noticed a gargoyle
     6 | D:1      | Noticed a demigod
     8 | D:1      | Noticed a demonspawn
     8 | D:1      | Noticed a naga
    10 | D:1      | Noticed a felid
    10 | D:1      | Noticed an octopode
    12 | D:1      | Noticed a vine stalker
    12 | D:1      | Noticed a human
    14 | D:1      | Noticed a spriggan
    14 | D:1      | Noticed a formicid
    16 | D:1      | Noticed an ogre
    16 | D:1      | Noticed a troll
    18 | D:1      | Noticed a tengu
    18 | D:1      | Noticed a meteoran
    21 | D:1      | Noticed an elf
    23 | D:1      | Noticed an armataur
    23 | D:1      | Noticed a draconian
    27 | D:1      | Noticed a vampire
    27 | D:1      | Noticed an armataur
   183 | D:1      | Reached XP level 2. HP: 11/20 MP: 0/5
   392 | D:1      | Reached skill level 5 in Ice Magic
   392 | D:1      | Reached XP level 3. HP: 15/26 MP: 0/6
  1114 | D:2      | Found a faded altar of an unknown god.
  1462 | D:2      | You fall into a shaft and drop 1 floor!
  1495 | D:3      | Reached XP level 4. HP: 27/33 MP: 2/7
  2535 | D:3      | Reached skill level 6 in Ice Magic
  3127 | D:2      | Reached XP level 5. HP: 29/38 MP: 0/8
  3483 | D:4      | Found Beadam's Distillery.
  3496 | D:4      | Noticed Pargi
  3523 | D:4      | Killed Pargi
  3524 | D:4      | Reached skill level 7 in Ice Magic
  3528 | D:4      | Learned a level 3 spell: Frozen Ramparts
  3532 | D:4      | Learned a level 3 spell: Ozocubu's Armour
  3547 | D:4      | Noticed an ogre
  3558 | D:4      | Slain by an ogre

Illustrated notes

Levels and vault maps discovered:
D:1:      kb_arrival_jail, layout_basic, hangedman_abyss_or_decor_stabs,
          kennysheep_nondescript, grunt_decor_clamped, minmay_cupped
D:2:      layout_loops_cross, hellmonk_ecumenical_altar_crossroads,
          minmay_heptomino_h4
D:3:      layout_loops_ring, serial_co_window_serial,
          co_window_of_opportunity_a, co_window_corner_a,
          co_window_of_opportunity_a, co_window_paths_a, co_window_paths_a,
          co_window_of_opportunity_b, co_window_cross_2,
          co_window_of_opportunity_b, co_window_of_opportunity_b,
          co_window_4corner_b
D:4:      layout_cave_pools, minmay_temple_entry_antechambers, serial_shops,
          shop_fountains, grunt_ministairs_5, minivault_14, uniq_menkaure,
          uniq_pargi

Skill      XL: |  1  2  3  4  5 |
---------------+----------------+-----
Ice Magic      | 5 6 7 |  7.0
Dodging        | |  1.7
Stealth        | |  1.7
Spellcasting   | |  2.4

Action                   |  1- 3 |  4- 6 || total
-------------------------+-------+-------++-------
Melee: Unarmed           |     4 |       ||     4
       Whip              |    21 |    18 ||    39
       Tailslap          |     2 |     1 ||     3
       Club              |     2 |       ||     2
       Punch             |     1 |       ||     1
Throw: Dart              |     4 |       ||     4
 Cast: Freeze            |    62 |    68 ||   130
       Frozen Ramparts   |       |     1 ||     1
  Use: Potion            |       |     2 ||     2
Armor: Skin              |    25 |    29 ||    54
Dodge: Dodged            |    63 |    59 ||   122

Table legend: (Time is in decaauts)
 A = Elapsed time spent in this place.
 B = Non-inter-level travel time spent in this place.
 C = Inter-level travel time spent in this place.
 D = Time resting spent in this place.
 E = Time spent auto-exploring this place.
 F = Levels seen in this place.
 G = Mean time per level.
                   A        B        C        D        E       F      G
               +--------+--------+--------+--------+--------+-----+--------+
         Total |   3572 |   3379 |    193 |      0 |   2796 |   4 |  893.0 |
       Dungeon |   3572 |   3379 |    193 |      0 |   2796 |   4 |  893.0 |
               +--------+--------+--------+--------+--------+-----+--------+

Top non-repeatable levels by time:
     D:3: 1260 daAuts
     D:2: 1123 daAuts
     D:1: 1113 daAuts
     D:4: 75 daAuts
